 Dungeon Crawl Stone Soup version 0.17-a0-1635-gd4e48f1 (webtiles) character file.

420 karlkraus the Covered (level 6, -2/56 HPs)
             Began as a Minotaur Fighter on Aug 4, 2015.
             Was an Initiate of Qazlal.
             Killed from afar by Natasha (9 damage)
             ... with a wand of magic darts
             ... on level 3 of the Dungeon.
             The game lasted 00:04:46 (2145 turns).

karlkraus the Covered (Minotaur Fighter)            Turns: 2145, Time: 00:04:46

Health: -2/56      AC:  6    Str: 27    XL:     6   Next: 62%
Magic:  5/5        EV: 10    Int:  5    God:    Qazlal [......]
Gold:   173        SH: 12    Dex: 10    Spells: 0 memorised, 5 levels left

rFire  . . .     SeeInvis .     a - +0 flail
rCold  + . .     Clarity  .     h - +0 ring mail {MR+}
rNeg   + . .     SustAt   .     u - +2 shield
rPois  .         Gourm    .     (helmet restricted)
rElec  .         Spirit   .     (no cloak)
rCorr  .         Warding  .     (no gloves)
rMut   .         Stasis   .     (no boots)
MR     +....                    (no amulet)
Stlth  ..........               s - ring of protection from cold
                                i - ring of positive energy

@: mighty, somewhat resistant to hostile enchantments, extremely unstealthy
A: retaliatory headbutt, horns 2
a: Renounce Religion


You were on level 3 of the Dungeon.
You worshipped Qazlal.
Qazlal was noncommittal.
You were not hungry.

You visited 1 branch of the dungeon, and saw 3 of its levels.

You collected 173 gold pieces.

Inventory:

Hand weapons
 a - a +0 flail (weapon)
 x - a +0 blowgun
Missiles
 y - 2 poisoned needles
Armour
 h - a +0 ring mail of magic resistance (worn)
 u - a +2 shield (worn)
Jewellery
 i - a ring of positive energy (left hand)
 s - a ring of protection from cold (right hand)
Scrolls
 b - 3 scrolls of magic mapping {unknown}
 c - 2 scrolls of teleportation {unknown}
 g - 2 scrolls of identify {unknown}
 k - a scroll of fog {unknown}
 o - a scroll of enchant weapon {unknown}
 p - 2 scrolls of remove curse {unknown}
 t - a scroll of blinking {unknown}
 w - a scroll of amnesia {unknown}
Potions
 j - a potion of haste {unknown}
 l - a potion of mutation {unknown}
 r - a potion of lignification {unknown}
 v - a potion of brilliance
 z - a potion of poison {unknown}
Comestibles
 e - a bread ration
 f - 2 royal jellies
 m - a meat ration
 n - 2 fruits
 q - a beef jerky


   Skills:
 + Level 5.1 Fighting
 + Level 4.0 Maces & Flails
 + Level 5.7 Armour
 + Level 2.7 Dodging
 + Level 5.1 Shields


You had 5 spell levels left.
You didn't know any spells.

Dungeon Overview and Level Annotations

Branches:
Dungeon (3/15)

Altars:
Kikubaaqudgha
Nemelex Xobeh
Qazlal

Annotations:
D:3 Natasha


Innate Abilities, Weirdness & Mutations

You reflexively headbutt those who attack you in melee.
You have a pair of horns on your head.


Message History

You furiously retaliate!
You headbutt hexophile's ghost!
Natasha zaps a wand.
The magic dart hits you!
* * * LOW HITPOINT WARNING * * *
Your shield prevents you from hitting hexophile's ghost.
Your headbutt misses hexophile's ghost.
Hexophile's ghost is severely damaged.
Hexophile's ghost hits you.
* * * LOW HITPOINT WARNING * * *
You block hexophile's ghost's attack.
You thump hexophile's ghost!
You destroy hexophile's ghost!
Qazlal accepts your kill.
Your Fighting skill increases to level 5!
Your Maces & Flails skill increases to level 4!
Your Shields skill increases to level 5!
Natasha zaps a wand.
The magic dart hits you!
Natasha zaps a wand.
The magic dart hits you!
* * * LOW HITPOINT WARNING * * *
Natasha zaps a wand.
The magic dart hits you!
You die...

#.........#
#.........#
#.........#
##...)...##
#.........#
#.........#
#.........#
#...รท.....#
#....@....#
#####......h#####
.................
....###.###....#
###............##
.................
##.####..#.....##
... #.#
#..#..#### .. .#
#.###...


You could see Natasha.

Vanquished Creatures
  Sigmund (D:2)
  The ghost of hexophile the Insei, an average OpTm (D:3)
  Natasha (D:3)
  A worker ant (D:3)
  4 adders
  An ooze (D:3)
  4 worms
  A giant gecko (D:1)
  5 goblins
  3 hobgoblins
  6 jackals
  3 kobolds
  3 quokkas
  A ball python (D:2)
  13 bats
  2 giant newts
  9 rats
59 creatures vanquished.

Notes
Turn   | Place    | Note
--------------------------------------------------------------
     0 | D:1      | karlkraus the Minotaur Fighter began the quest for the Orb.
     0 | D:1      | Reached XP level 1. HP: 19/19 MP: 0/0
   266 | D:1      | Reached XP level 2. HP: 21/27 MP: 1/1
   367 | D:1      | Reached skill level 4 in Fighting
   658 | D:2      | Reached XP level 3. HP: 23/33 MP: 2/2
   715 | D:2      | Found a sparkling altar of Nemelex Xobeh.
   721 | D:2      | Noticed Sigmund
   736 | D:2      | HP: 1/33 [Sigmund/scythe (4)]
   741 | D:2      | Killed Sigmund
   741 | D:2      | Reached skill level 5 in Armour
   741 | D:2      | Reached skill level 1 in Dodging
   741 | D:2      | Reached XP level 4. HP: 1/41 MP: 3/3
   741 | D:2      | Reached XP level 5. HP: 1/47 MP: 4/4
  1541 | D:2      | Found an ancient bone altar of Kikubaaqudgha.
  1541 | D:2      | Found a stormy altar of Qazlal.
  1545 | D:2      | Became a worshipper of Qazlal Stormbringer
  1854 | D:3      | Noticed Natasha
  1869 | D:3      | Reached XP level 6. HP: 21/55 MP: 5/5
  1871 | D:3      | Killed Natasha
  2132 | D:3      | Noticed hexophile's ghost (average OpTm)
  2139 | D:3      | Noticed Natasha
  2143 | D:3      | Killed hexophile's ghost
  2143 | D:3      | Reached skill level 5 in Fighting
  2143 | D:3      | Reached skill level 5 in Shields
  2145 | D:3      | Killed from afar by Natasha

Vault maps used:
D:1:      ncdulo_lavacross
D:2:      kennysheep_six_static_rooms, gammafunk_temple_overflow_elements,
          lemuel_doored_altar, uniq_sigmund
D:3:      serial_glass, glass_columns_c, glass_columns_b, dk_vineyard_2,
          uniq_natasha

Action                   |  1- 3 |  4- 6 || total
-------------------------+-------+-------++-------
Melee: Flail             |    70 |    91 ||   161
  Use: Potion            |     1 |     2 ||     3
  Eat: Chunk             |       |     4 ||     4
